 Dungeon Crawl Stone Soup version 0.31-a0-222-gefeffbb62a (webtiles) character file.

Game seed: 16191614300401495055

114545 qw the Severer (level 16, -11/104 HPs)
             Began as a Gargoyle Fighter on July 4, 2023.
             Was an Elder of Okawaru.
             Killed from afar by Nikola (25 damage)
             ... with an arc of chain lightning
             ... on level 1 of the Snake Pit.
             The game lasted 00:15:00 (25784 turns).

qw the Severer (Gargoyle Fighter)                  Turns: 25784, Time: 00:15:00

Health: -11/104    AC: 48    Str: 34    XL:     16   Next: 66%
Magic:  23/23      EV: 16    Int: 14    God:    Okawaru [****..]
Gold:   933        SH: 17    Dex:  9    Spells: 15/15 levels left

rFire   + + .        l - +4 war axe (spect)
rCold   . . .        I - +4 kite shield "Zitokum" {Str+2 Int+4}
rNeg    + . .        w - +5 plate armour
rPois   inf          t - +0 helmet "Pupuxaon" {rElec}
rElec   +            A - +2 cloak of Boruch {Drain rPois rF+ Str+2}
rCorr   .            f - +2 pair of gloves {Str+3}
SInv    +            H - +2 pair of boots
Will    +....        s - amulet of Zysonwufo {Acrobat rF+ SInv} Stlth
                     g - +5 ring of evasion
HPRegen 0.37/turn    F - ring "Boeguos" {Slay+4 Stlth+}
MPRegen 0.18/turn

%: acrobat
@: about to teleport, heroic, flying
A: sickness immunity, AC +12, big wings, negative energy resistance 1,
electricity resistance, torment resistance 1, petrification resistance
a: Renounce Religion, Heroism, Finesse


You were on level 1 of the Snake Pit.
You worshipped Okawaru.
Okawaru was greatly pleased with you.
You visited 5 branches of the dungeon, and saw 24 of its levels.
You also visited: Sewer, Ossuary and Gauntlet.

You collected 2572 gold pieces.
You spent 1639 gold pieces at shops.


Innate Abilities, Weirdness & Mutations

You are immune to sickness and miasma.
Your stone body is resilient. (AC +12)
You are immune to poison.
Your large and strong wings let you fly.
You resist negative energy. (rN+)
You are resistant to electric shocks. (rElec)
You are resistant to unholy torment.
You are immune to petrification.


   Skills:
 + Level 13.5(18.5) Fighting
 - Level 16.0(21.0) Axes
 - Level 7.1(12.1) Throwing
 - Level 13.0(18.0) Armour
 - Level 5.0(10.0) Dodging
 - Level 13.5(18.5) Shields
 - Level 10.0 Invocations


You had 15 spell levels left.
You didn't know any spells.
Your spell library was empty.

Inventory:

Hand Weapons
 a - a +0 heavy broad axe
 l - a +4 spectral war axe (weapon)
 y - the +7 hand axe "Xijizikh" {flame, Will+}
   (You found it on level 5 of the Dungeon)

   Will:      It increases your willpower.
 z - the +5 hand axe "Lokkikux" {freeze, rCorr}
   (You found it on level 1 of the Lair of Beasts)

   rCorr:     It protects you from acid and corrosion.
Missiles
 i - a silver boomerang
 u - 35 boomerangs
 D - 7 javelins (quivered)
Armour
 b - +0 acid dragon scales
 f - a +2 pair of gloves of strength (worn)
 t - the +0 helmet "Pupuxaon" (worn) {rElec}
   (You found it on level 4 of the Dungeon)

   rElec:     It insulates you from electricity.
 v - +0 fire dragon scales
 w - a +5 plate armour (worn)
 x - the +0 pair of gloves "Gacoxawe" {Harm rF+}
   (You bought it in a shop on level 2 of the Orcish Mines)

   rF:        It protects you from fire.
   Harm:      It increases damage dealt and taken.
 A - the +2 cloak of Boruch (worn) {Drain rPois rF+ Str+2}
   (You found it in a Gauntlet)

   Str:       It affects your strength (+2).
   rF:        It protects you from fire.
   rPois:     It protects you from poison.
   Drain:     It drains your maximum health when unequipped.
 B - a +0 helmet of see invisible
 C - the +4 chain mail of the Thoughtful Princes {rC+ Str-2 Dex+5}
   (You found it in a Gauntlet)

   Str:       It affects your strength (-2).
   Dex:       It affects your dexterity (+5).
   rC:        It protects you from cold.
 E - +0 ice dragon scales
 H - a +2 pair of boots (worn)
 I - the +4 kite shield "Zitokum" (worn) {Str+2 Int+4}
   (You acquired it on level 2 of the Orcish Mines)

   Str:       It affects your strength (+2).
   Int:       It affects your intelligence (+4).
 J - a +2 kite shield of cold resistance
Jewellery
 g - a +5 ring of evasion (left hand)
 s - the amulet of Zysonwufo (around neck) {Acrobat rF+ SInv}
   (You acquired it on level 9 of the Dungeon)

   [amulet of the acrobat]

   It increases your evasion while moving and waiting.
   rF:        It protects you from fire.
   SInv:      It lets you see invisible.
 F - the ring "Boeguos" (right hand) {Slay+4 Stlth+}
   (You found it on level 2 of the Orcish Mines)

   [ring of slaying]

   Slay:      It affects your accuracy & damage with ranged weapons and melee
   (+4).
   Stlth:     It makes you more stealthy.
Scrolls
 j - 10 scrolls of identify
 m - a scroll of teleportation
Potions
 c - a potion of resistance
 d - 3 potions of might
 e - 8 potions of curing
 h - 5 potions of haste
 k - 3 potions of cancellation
 n - 2 potions of magic
 o - 6 potions of lignification
 p - a potion of mutation
 q - 2 potions of attraction
 r - 4 potions of enlightenment
 G - 2 potions of heal wounds

Dungeon Overview and Level Annotations

Branches:
Dungeon (15/15)            Temple (1/1) D:5            Lair (5/5) D:11
  Swamp (0/4) Lair:2        Snake (1/4) Lair:3        Slime (0/5) Lair:4
    Orc (2/2) D:10            Elf (0/3) Orc:2        Vaults (0/5) D:14
 Depths (0/4) D:15          Sewer (visited)         Ossuary (visited)
Gauntlet (visited)

Altars:
Ashenzari
Cheibriados
Dithmenos
Elyvilon
Fedhas
Gozag
Hepliaklqana
Kikubaaqudgha
Makhleb
Nemelex Xobeh
Okawaru
Qazlal
Ru
Sif Muna
Trog
Uskayaw
Vehumet
Wu Jian
Xom
Yredelemnul
Zin
The Shining One
Jiyva

Shops:
D:2 =   D:9 (   D:13 *   Orc:2 ![[(

Annotations:
Lair:5 3 runed translucent doors, qw's ghost, journeyman GrFi
Snake:1 Nikola


Message History

Nikola casts a spell.
Nikola blinks!
25773 ||| Stepping ~*~*~tactically~*~*~ (hiding).
Your +4 spectral war axe disappears.
You see here a black mamba corpse.
25774 ||| Stepping ~*~*~tactically~*~*~ (hiding).
You start resting.
Nikola is nearby!
Nikola mumbles some strange words.
Nikola blinks!
You see here a black mamba corpse.
The naga sharpshooter shoots a bolt.
The bolt hits you but does no damage.
Nikola casts a spell.
Nikola blinks!
Things that are here:
a +0 short sword; a +0 robe The naga sharpshooter shoots a bolt.
You block the bolt.
Things that are here:
a +0 shortbow; a +2 scimitar of holy wrath; a naga corpse You closely miss the naga sharpshooter.
Your +4 spectral war axe completely misses the naga sharpshooter.
The naga sharpshooter spits poison at you.
The splash of poison hits you but does no damage.
You resist.
Nikola says, "There's a spark of magic in your eyes."
You slice the naga sharpshooter!!
The naga sharpshooter is heavily wounded.
Your +4 spectral war axe hits the naga sharpshooter!!!
You kill the naga sharpshooter!
Okawaru accepts your kill.
Nikola mumbles some strange words.
Lightning arcs from Nikola's hands!
The bolt of lightning hits you!! You resist.
25784 ||| READING 2 scrolls of teleportation.
As you read the scroll of teleportation, it crumbles to dust.
You feel strangely unstable.
Your +4 spectral war axe disappears.
Nikola asks, "Are you insulated?"
Nikola mumbles some strange words.
Lightning arcs from Nikola's hands!
The bolt of lightning hits you!! You resist.
You die...

...............
................
................
......@.........
..................
..................
....(....)#S(.....
#......)@# ?......
#....))####.....# ####
#.###.%......##.#####...
#........##.##......
#........##.##.##...
#........##.##.##...
#........%.....##...
#.......)##.....##..
.........)##.###.###.


You could see Nikola.

Vanquished Creatures
  Gastronok (Lair:2)
  An orc warlord (Orc:2)
  A stone giant (D:15)
  A minotaur (Gauntlet)
  An ettin (Orc:1)
  A great orb of eyes (Gauntlet)
  A catoblepas (D:14)
  5 centaur warriors
  3 hydras
  An anaconda (Snake:1)
  8 death yaks
  7 two-headed ogres
  3 naga warriors (Snake:1)
  A boulder beetle (D:13)
  4 orc high priests (Orc:2)
  2 tengu warriors (D:15)
  A shock serpent (D:13)
  Sonja (Lair:4)
  2 naga sharpshooters (Snake:1)
  3 skysharks
  12 skeletal warriors
  2 naga ritualists (Snake:1)
  5 orc knights
  Pikel (D:4)
  2 wizards (D:14)
  14 ugly things
  4 orc sorcerers (Orc:2)
  6 mana vipers
  3 cyclopes
  2 deep elf pyromancers
  2 salamanders
  21 elephants
  4 manticores
  A salamander (shapeshifter) (D:13)
  9 black mambas
  A guardian serpent (Snake:1)
  2 naga magi (Snake:1)
  16 cane toads
  A torpor snail (Lair:5)
  An unseen horror (shapeshifter) (D:15)
  A storm dragon simulacrum (D:14)
  An unseen horror (D:13)
  3 kobold demonologists
  10 komodo dragons
  A freezing wraith (D:15)
  7 trolls
  A queen bee (Gauntlet)
  6 polar bears
  5 hornets
  26 blink frogs
  9 dream sheep
  3 slime creatures (D:12)
  2 shadows
  13 spriggans (Lair:5)
  A wraith (D:9)
  3 wyverns
  A centaur simulacrum (D:15)
  31 yaks
  A vampire (D:13)
  Grum (D:11)
  4 steam dragons
  5 basilisks
  12 vampire mosquitoes
  2 large abominations (Gauntlet)
  10 nagas
  5 wargs
  An acid dragon (D:11)
  14 water moccasins
  Pargi (Sewer)
  19 ogres
  3 black bears
  50 orc warriors
  An ice beast (D:8)
  2 sky beasts
  4 boggarts (Lair:5)
  24 wolves
  19 centaurs
  A lemure (D:4)
  4 kobold brigands
  5 bullfrogs
  A gnoll sergeant (D:10)
  Blork the orc (D:6)
  6 small abominations (Gauntlet)
  3 scorpions
  5 wights
  9 killer bees
  2 electric eels (Lair:2)
  9 howler monkeys
  4 centaur zombies (Ossuary)
  2 bullfrog zombies (Ossuary)
  A human zombie (Ossuary)
  3 jellies
  38 orc priests
  7 hounds
  2 gnoll boudas
  2 iguanas (D:6)
  A scorpion zombie (Ossuary)
  25 orc wizards
  6 hell rats (Lair:5)
  An ogre zombie (Ossuary)
  A mummy (D:6)
  9 adders
  24 gnolls
  2 river rats (D:4)
  A shadow imp (D:8)
  2 white imps
  2 ufetubi (D:5)
  An adder zombie (Ossuary)
  3 dart slugs
  118 orcs
  9 ball pythons
  6 bats
  5 endoplasms
  2 giant cockroaches
  3 gnoll zombies (Ossuary)
  12 hobgoblins
  7 quokkas
  4 frilled lizards (D:1)
  10 goblins
  3 goblin zombies (Ossuary)
  A hobgoblin zombie (Ossuary)
  24 kobolds
  6 orc zombies (Ossuary)
  10 rats
862 creatures vanquished.

Vanquished Creatures (others)
  A black mamba (Snake:1)
  9 spectral weapons
10 creatures vanquished.

Grand Total: 872 creatures vanquished

Notes
Turn   | Place    | Note
-------+----------+-------------------------------------------
     0 | D:1      | qw the Gargoyle Fighter began the quest for the Orb.
     0 | D:1      | Reached XP level 1. HP: 14/14 MP: 1/1
     0 | D:1      | 0 ||| qw: Version: 0.3-a-46-gb1f654a
     0 | D:1      | 0 ||| qw: Game counter: 922
     0 | D:1      | 0 ||| qw: Melee chars always use a shield: true
     0 | D:1      | 0 ||| qw: God list: Okawaru
     0 | D:1      | 0 ||| qw: Allow faded altars: false
     0 | D:1      | 0 ||| qw: Do Orc after clearing Dungeon:15 true
     0 | D:1      | 0 ||| qw: Do second Lair branch before Depths: true
     0 | D:1      | 0 ||| qw: Lair rune preference: random
     0 | D:1      | 0 ||| qw: Goals: Normal, Zot:1-4, Slime:5, God:TSO, Crypt,
                  | Tomb, Abyss, Pan, Hells, Win
     0 | D:1      | 0 ||| PLANNING D:1-11
    35 | D:1      | Found a faded altar of an unknown god.
    78 | D:1      | Reached skill level 2 in Axes
   214 | D:1      | 214 ||| Stepping ~*~*~tactically~*~*~ (hiding).
   225 | D:1      | Reached XP level 2. HP: 15/19 MP: 2/2
   974 | D:1      | 974 ||| UPGRADING to +5 ring of evasion.
   975 | D:1      | 975 ||| READING scroll labelled VUNENA QAUTTIVI.
  1079 | D:2      | Reached skill level 3 in Axes
  1079 | D:2      | Reached XP level 3. HP: 19/23 MP: 3/3
  1080 | D:2      | Reached XP level 4. HP: 24/28 MP: 4/4
  1182 | D:2      | Found Hunteaf's Jewellery Shoppe.
  1208 | D:2      | 1208 ||| SHOPLISTING amulet of regeneration (360 gold, have
                  | 58).
  1208 | D:2      | 1208 ||| SHOPLISTING ring "Foeq" {Fly Dex+2} (344 gold,
                  | have 58).
  1304 | D:2      | Reached skill level 4 in Axes
  1777 | D:2      | 1777 ||| UPGRADING to +0 cloak.
  1782 | D:2      | 1782 ||| UPGRADING to +0 pair of gloves.
  1787 | D:2      | 1787 ||| READING scroll of enchant armour.
  1787 | D:2      | 1787 ||| ENCHANTING +0 pair of gloves.
  1788 | D:2      | 1788 ||| READING scroll labelled WINKIALIBI.
  1789 | D:2      | 1789 ||| READING 2 scrolls labelled JUCZEK WUOPIDIO.
  1790 | D:2      | 1790 ||| READING 3 scrolls labelled ORIWOXK CAHIFOM.
  1791 | D:2      | 1791 ||| READING 2 scrolls of brand weapon.
  1791 | D:2      | 1791 ||| BRANDING +0 war axe of protection.
  1792 | D:2      | 1792 ||| READING scroll of brand weapon.
  1792 | D:2      | 1792 ||| BRANDING +0 war axe of draining.
  1793 | D:2      | 1793 ||| READING scroll labelled POD RAOMISILE.
  1794 | D:2      | 1794 ||| DRINKING 2 fuming brown potions.
  1795 | D:2      | 1795 ||| DROPPING potion of brilliance.
  1829 | D:3      | 1829 ||| Stepping ~*~*~tactically~*~*~ (stealth).
  1863 | D:3      | 1863 ||| Stepping ~*~*~tactically~*~*~ (stealth).
  1915 | D:3      | 1915 ||| DROPPING +4 whip.
  1992 | D:3      | 1992 ||| Stepping ~*~*~tactically~*~*~ (stealth).
  2113 | D:3      | Reached XP level 5. HP: 32/32 MP: 5/5
  2124 | D:3      | Reached skill level 5 in Axes
  2164 | D:3      | 2164 ||| Stepping ~*~*~tactically~*~*~ (hiding).
  2166 | D:3      | 2166 ||| Stepping ~*~*~tactically~*~*~ (stealth).
  2167 | D:3      | 2167 ||| Stepping ~*~*~tactically~*~*~ (hiding).
  2271 | D:3      | Reached XP level 6. HP: 36/38 MP: 6/6
  2435 | D:3      | 2435 ||| UPGRADING to +0 chain mail.
  2445 | D:3      | 2445 ||| DROPPING +0 scale mail.
  2446 | D:3      | 2446 ||| READING scroll labelled HIOTIO YSTROM.
  2447 | D:3      | 2447 ||| READING scroll labelled ZIOZAD YSTYUFE.
  2448 | D:3      | 2448 ||| DRINKING 2 blue potions.
  2485 | D:4      | 2485 ||| PLANNING SEWER
  2516 | D:4      | 2516 ||| Stepping ~*~*~tactically~*~*~ (hiding).
  2519 | D:4      | 2519 ||| Stepping ~*~*~tactically~*~*~ (hiding).
  2526 | D:4      | Reached XP level 7. HP: 28/43 MP: 7/7
  2605 | D:4      | Found a glowing drain.
  2610 | D:4      | 2610 ||| Stepping ~*~*~tactically~*~*~ (stealth).
  2630 | D:4      | 2630 ||| Stepping ~*~*~tactically~*~*~ (water).
  2634 | D:4      | Reached skill level 6 in Axes
  2646 | Sewer    | Entered a sewer
  2675 | Sewer    | Noticed Pargi
  2694 | Sewer    | Killed Pargi
  2737 | Sewer    | 2737 ||| DROPPING +0 mace.
  2749 | Sewer    | 2749 ||| READING scroll labelled TAPIEWKEVAF.
  2802 | D:4      | 2802 ||| PLANNING D:1-11
  2812 | D:4      | 2812 ||| Stepping ~*~*~tactically~*~*~ (stealth).
  2813 | D:4      | 2813 ||| Stepping ~*~*~tactically~*~*~ (stealth).
  2992 | D:4      | 2992 ||| Stepping ~*~*~tactically~*~*~ (hiding).
  3012 | D:4      | Reached skill level 7 in Axes
  3037 | D:4      | 3037 ||| DROPPING +0 flail.
  3048 | D:4      | Noticed Pikel
  3074 | D:4      | Killed Pikel
  3075 | D:4      | Reached XP level 8. HP: 43/48 MP: 8/8
  3210 | D:4      | Identified the +0 helmet "Pupuxaon" {rElec}
  3349 | D:4      | 3349 ||| Stepping ~*~*~tactically~*~*~ (hiding).
  3352 | D:4      | 3352 ||| Stepping ~*~*~tactically~*~*~ (hiding).
  3354 | D:4      | 3354 ||| Stepping ~*~*~tactically~*~*~ (hiding).
  3477 | D:4      | 3477 ||| UPGRADING to +0 plate armour.
  3487 | D:4      | 3487 ||| DROPPING +0 chain mail.
  3488 | D:4      | 3488 ||| UPGRADING to +0 helmet "Pupuxaon" {rElec}.
  3493 | D:4      | 3493 ||| READING scroll labelled NECU FESCHOT.
  3494 | D:4      | 3494 ||| READING scroll labelled VUPYW OFOKKOU.
  3510 | D:5      | Entered Level 5 of the Dungeon
  3511 | D:5      | 3511 ||| PLANNING OSSUARY
  3602 | D:5      | Found a staircase to the Ecumenical Temple.
  3843 | D:5      | Found a shimmering altar of Xom.
  3935 | D:5      | Found a sand-covered staircase.
  3936 | D:5      | 3936 ||| DRINKING 2 silvery potions.
  3944 | Ossuary  | Entered an ossuary
  3956 | Ossuary  | Reached XP level 9. HP: 54/54 MP: 9/9
  4076 | Ossuary  | Reached skill level 8 in Axes
  4125 | Ossuary  | Noticed a silent spectre
  4157 | Ossuary  | 4157 ||| DRINKING 2 viscous white potions.
  4184 | Ossuary  | 4184 ||| DRINKING 2 amethyst potions.
  4190 | D:5      | 4190 ||| PLANNING TEMPLE
  4190 | D:5      | 4190 ||| READING scroll labelled KAG GUQEPSAL.
  4194 | D:5      | 4194 ||| READING scroll labelled ADU BESHUV.
  4195 | D:5      | 4195 ||| READING 4 scrolls of identify.
  4195 | D:5      | 4195 ||| IDENTIFYING red potion
  4196 | D:5      | 4196 ||| READING 3 scrolls of identify.
  4196 | D:5      | 4196 ||| IDENTIFYING fuming grey potion
  4197 | D:5      | 4197 ||| READING 2 scrolls of identify.
  4197 | D:5      | 4197 ||| IDENTIFYING murky puce potion
  4259 | Temple   | Entered the Ecumenical Temple
  4259 | Temple   | Found a transporter.
  4259 | Temple   | Found a transporter.
  4261 | Temple   | Found a transporter.
  4261 | Temple   | Found a transporter.
  4270 | Temple   | 4270 ||| PLANNING OKAWARU WORSHIP
  4277 | Temple   | Became a worshipper of Warmaster Okawaru
  4278 | Temple   | 4278 ||| PLANNING D:1-11
  4409 | D:5      | Found a hazy altar of Hepliaklqana.
  4418 | D:5      | Found a burning altar of Makhleb.
  4604 | D:5      | Identified the +7 hand axe "Xijizikh" {flame, Will+}
  4606 | D:5      | 4606 ||| DROPPING +1 flail of venom.
  4661 | D:5      | 4661 ||| UPGRADING to +2 pair of gloves of stealth.
  4671 | D:5      | 4671 ||| DROPPING +1 pair of gloves.
  4672 | D:5      | 4672 ||| READING scroll labelled SUYGICL IFOESH.
  4721 | D:6      | Reached skill level 6 in Fighting
  4735 | D:6      | 4735 ||| Stepping ~*~*~tactically~*~*~ (stealth).
  4737 | D:6      | 4737 ||| Stepping ~*~*~tactically~*~*~ (stealth).
  4741 | D:6      | 4741 ||| Stepping ~*~*~tactically~*~*~ (stealth).
  4782 | D:6      | 4782 ||| Stepping ~*~*~tactically~*~*~ (stealth).
  4786 | D:6      | 4786 ||| Stepping ~*~*~tactically~*~*~ (hiding).
  4787 | D:6      | 4787 ||| Stepping ~*~*~tactically~*~*~ (hiding).
  4788 | D:6      | 4788 ||| Stepping ~*~*~tactically~*~*~ (hiding).
  4789 | D:6      | 4789 ||| Stepping ~*~*~tactically~*~*~ (hiding).
  4790 | D:6      | 4790 ||| Stepping ~*~*~tactically~*~*~ (hiding).
  4932 | D:6      | 4932 ||| Stepping ~*~*~tactically~*~*~ (hiding).
  4933 | D:6      | 4933 ||| Stepping ~*~*~tactically~*~*~ (hiding).
  4934 | D:6      | 4934 ||| Stepping ~*~*~tactically~*~*~ (hiding).
  5035 | D:6      | Noticed Blork the orc
  5045 | D:6      | Killed Blork the orc
  5051 | D:6      | Reached skill level 9 in Axes
  5109 | D:6      | Found a shimmering blue altar of Sif Muna.
  5117 | D:6      | Reached * piety under Okawaru
  5126 | D:6      | Found a bloodstained altar of Trog.
  5145 | D:6      | 5145 ||| Stepping ~*~*~tactically~*~*~ (hiding).
  5148 | D:6      | 5148 ||| INVOKING Heroism.
  5157 | D:6      | Reached skill level 6 in Armour
  5160 | D:6      | 5160 ||| Stepping ~*~*~tactically~*~*~ (cloud).
  5165 | D:6      | 5165 ||| FLEEEEING.
  5166 | D:6      | 5166 ||| FLEEEEING.
  5183 | D:6      | Found a snail-covered altar of Cheibriados.
  5457 | D:6      | 5457 ||| READING scroll of enchant armour.
  5457 | D:6      | 5457 ||| ENCHANTING +0 cloak.
  5577 | D:7      | 5577 ||| Stepping ~*~*~tactically~*~*~ (stealth).
  5580 | D:7      | Reached skill level 1 in Invocations
  5598 | D:7      | 5598 ||| Stepping ~*~*~tactically~*~*~ (stealth).
  5606 | D:7      | 5606 ||| INVOKING Heroism.
  5668 | D:7      | 5668 ||| INVOKING Heroism.
  5786 | D:7      | 5786 ||| READING scroll of enchant weapon.
  5786 | D:7      | 5786 ||| ENCHANTING +0 spectral war axe.
  5799 | D:7      | 5799 ||| INVOKING Heroism.
  5806 | D:7      | Reached XP level 10. HP: 56/61 MP: 8/12
  5810 | D:7      | Reached skill level 3 in Invocations
  5816 | D:7      | 5816 ||| FLEEEEING.
  5817 | D:7      | 5817 ||| FLEEEEING.
  5818 | D:7      | 5818 ||| STAIRDANCE
  5989 | D:7      | 5989 ||| Stepping ~*~*~tactically~*~*~ (stealth).
  6004 | D:7      | 6004 ||| READING scroll labelled OBU YLUSOV.
  6069 | D:7      | 6069 ||| INVOKING Heroism.
  6276 | D:7      | 6276 ||| Stepping ~*~*~tactically~*~*~ (stealth).
  6411 | D:7      | 6411 ||| INVOKING Heroism.
  6413 | D:7      | 6413 ||| Stepping ~*~*~tactically~*~*~ (cloud).
  6417 | D:7      | 6417 ||| Stepping ~*~*~tactically~*~*~ (hiding).
  6941 | D:8      | Found a white marble altar of Elyvilon.
  7114 | D:8      | 7114 ||| INVOKING Heroism.
  7295 | D:8      | 7295 ||| Stepping ~*~*~tactically~*~*~ (hiding).
  7404 | D:8      | Reached skill level 10 in Axes
  7602 | D:8      | 7602 ||| READING 3 scrolls of identify.
  7602 | D:8      | 7602 ||| IDENTIFYING white potion
  7603 | D:8      | 7603 ||| READING 2 scrolls of identify.
  7603 | D:8      | 7603 ||| IDENTIFYING puce potion
  7604 | D:8      | 7604 ||| DROPPING potion of degeneration.
  7687 | D:9      | 7687 ||| INVOKING Heroism.
  7758 | D:9      | Found a broken altar of Ashenzari.
  7758 | D:9      | Noticed a kobold demonologist
  7766 | D:9      | Noticed a sun demon
  7766 | D:9      | 7766 ||| INVOKING Heroism.
  7768 | D:9      | Killed a kobold demonologist
  7837 | D:9      | Found a sacrificial altar of Ru.
  7838 | D:9      | 7838 ||| Stepping ~*~*~tactically~*~*~ (hiding).
  7840 | D:9      | 7840 ||| Stepping ~*~*~tactically~*~*~ (hiding).
  7989 | D:9      | 7989 ||| Stepping ~*~*~tactically~*~*~ (stealth).
  7992 | D:9      | 7992 ||| Stepping ~*~*~tactically~*~*~ (stealth).
  7996 | D:9      | 7996 ||| Stepping ~*~*~tactically~*~*~ (stealth).
  8004 | D:9      | 8004 ||| DRINKING 5 potions of curing.
  8004 | D:9      | 8004 ||| (to cure confusion)
  8066 | D:9      | 8066 ||| Stepping ~*~*~tactically~*~*~ (stealth).
  8075 | D:9      | 8075 ||| Stepping ~*~*~tactically~*~*~ (stealth).
  8092 | D:9      | Reached ** piety under Okawaru
  8203 | D:9      | 8203 ||| INVOKING Heroism.
  8210 | D:9      | Reached XP level 11. HP: 68/68 MP: 11/14
  8421 | D:9      | Found Madghet's Antique Weapon Boutique.
  8430 | D:9      | 8430 ||| DROPPING ring of flight.
  8562 | D:9      | 8562 ||| READING scroll labelled LICIFAGHOISI.
  8562 | D:9      | Identified a scroll of acquirement
  8562 | D:9      | 8562 ||| ACQUIRING amulet of Zysonwufo {Acrobat rF+ SInv}
  8562 | D:9      | Acquired the amulet of Zysonwufo {Acrobat rF+ SInv}
  8564 | D:9      | 8564 ||| UPGRADING to amulet of Zysonwufo {Acrobat rF+
                  | SInv}.
  8569 | D:9      | 8569 ||| DRINKING 2 fizzy coppery potions.
  8591 | D:10     | Entered Level 10 of the Dungeon
  8705 | D:10     | 8705 ||| Stepping ~*~*~tactically~*~*~ (hiding).
  8765 | D:10     | Reached skill level 11 in Axes
  8778 | D:10     | 8778 ||| INVOKING Heroism.
  8784 | D:10     | 8784 ||| Stepping ~*~*~tactically~*~*~ (hiding).
  8788 | D:10     | 8788 ||| Stepping ~*~*~tactically~*~*~ (hiding).
  8790 | D:10     | 8790 ||| Stepping ~*~*~tactically~*~*~ (hiding).
  8791 | D:10     | 8791 ||| Stepping ~*~*~tactically~*~*~ (hiding).
  8817 | D:10     | 8817 ||| FLEEEEING.
  8818 | D:10     | 8818 ||| FLEEEEING.
  8819 | D:10     | 8819 ||| FLEEEEING.
  8820 | D:10     | 8820 ||| FLEEEEING.
  8823 | D:10     | 8823 ||| FLEEEEING.
  8824 | D:10     | 8824 ||| FLEEEEING.
  8825 | D:10     | 8825 ||| FLEEEEING.
  8863 | D:10     | 8863 ||| Stepping ~*~*~tactically~*~*~ (stealth).
  8867 | D:10     | 8867 ||| Stepping ~*~*~tactically~*~*~ (hiding).
  8874 | D:10     | 8874 ||| Stepping ~*~*~tactically~*~*~ (stealth).
  8876 | D:10     | 8876 ||| Stepping ~*~*~tactically~*~*~ (stealth).
  8880 | D:10     | 8880 ||| Stepping ~*~*~tactically~*~*~ (stealth).
  8899 | D:10     | Found a staircase to the Orcish Mines.
  8957 | D:10     | 8957 ||| FLEEEEING.
  8958 | D:10     | 8958 ||| FLEEEEING.
  8959 | D:10     | 8959 ||| FLEEEEING.
  8960 | D:10     | 8960 ||| FLEEEEING.
  8966 | D:10     | Reached *** piety under Okawaru
  8970 | D:10     | 8970 ||| INVOKING Heroism.
  9354 | D:10     | Found a blossoming altar of Fedhas.
  9354 | D:10     | Found a radiant altar of Vehumet.
  9500 | D:10     | 9500 ||| Stepping ~*~*~tactically~*~*~ (stealth).
  9502 | D:10     | 9502 ||| Stepping ~*~*~tactically~*~*~ (hiding).
  9509 | D:10     | 9509 ||| DRINKING 4 potions of curing.
  9509 | D:10     | 9509 ||| (to cure confusion)
  9548 | D:10     | 9548 ||| INVOKING Heroism.
  9555 | D:10     | Reached skill level 9 in Fighting
  9582 | D:10     | Noticed a white ugly thing
  9583 | D:10     | 9583 ||| INVOKING Heroism.
  9587 | D:10     | Killed a white ugly thing
  9722 | D:10     | 9722 ||| INVOKING Heroism.
  9749 | D:10     | Identified the +5 ring mail "Edwyfipp" {+Inv SInv}
  9768 | D:10     | 9768 ||| READING scroll of enchant weapon.
  9768 | D:10     | 9768 ||| ENCHANTING +1 spectral war axe.
  9935 | D:10     | 9935 ||| UPGRADING to +0 kite shield.
  9945 | D:10     | 9945 ||| DROPPING +0 buckler.
  9988 | D:11     | Found a staircase to the Lair.
 10094 | D:11     | 10094 ||| READING scroll of enchant weapon.
 10094 | D:11     | 10094 ||| ENCHANTING +2 spectral war axe.
 10149 | D:11     | 10149 ||| INVOKING Heroism.
 10164 | D:11     | Noticed a manticore
 10172 | D:11     | 10172 ||| INVOKING Heroism.
 10173 | D:11     | Killed a manticore
 10174 | D:11     | Reached skill level 6 in Shields
 10322 | D:11     | Noticed Grum
 10323 | D:11     | 10323 ||| INVOKING Heroism.
 10327 | D:11     | Received a gift from Okawaru
 10333 | D:11     | Killed Grum
 10355 | D:11     | Noticed a manticore
 10356 | D:11     | 10356 ||| INVOKING Heroism.
 10365 | D:11     | Killed a manticore
 10536 | D:11     | Found a shadowy altar of Dithmenos.
 10713 | D:11     | 10713 ||| PLANNING LAIR
 10759 | Lair:1   | Entered Level 1 of the Lair of Beasts
 10760 | Lair:1   | 10760 ||| INVOKING Heroism.
 10848 | Lair:1   | Identified the +5 hand axe "Lokkikux" {freeze, rCorr}
 10916 | Lair:1   | 10916 ||| Stepping ~*~*~tactically~*~*~ (stealth).
 10918 | Lair:1   | 10918 ||| Stepping ~*~*~tactically~*~*~ (stealth).
 10920 | Lair:1   | 10920 ||| Stepping ~*~*~tactically~*~*~ (stealth).
 10924 | Lair:1   | 10924 ||| INVOKING Heroism.
 10928 | Lair:1   | Reached skill level 9 in Shields
 10931 | Lair:1   | Reached XP level 12. HP: 76/76 MP: 12/15
 10985 | Lair:1   | 10985 ||| Stepping ~*~*~tactically~*~*~ (stealth).
 10986 | Lair:1   | 10986 ||| INVOKING Heroism.
 11241 | Lair:1   | Found a frozen archway.
 11695 | Lair:2   | Noticed a death yak
 11695 | Lair:2   | Noticed a death yak
 11696 | Lair:2   | 11696 ||| INVOKING Heroism.
 11698 | Lair:2   | Noticed a death yak
 11702 | Lair:2   | Reached **** piety under Okawaru
 11702 | Lair:2   | Received a gift from Okawaru
 11703 | Lair:2   | Killed a death yak
 11704 | Lair:2   | Reached skill level 12 in Axes
 11706 | Lair:2   | Killed a death yak
 11708 | Lair:2   | Received a gift from Okawaru
 11710 | Lair:2   | Reached skill level 9 in Armour
 11710 | Lair:2   | Reached skill level 6 in Invocations
 11710 | Lair:2   | HP: 8/76 [death yak (13)]
 11711 | Lair:2   | 11711 ||| READING 2 scrolls of teleportation.
 11711 | Lair:2   | HP: 2/76 [elephant (6)]
 11712 | Lair:2   | 11712 ||| DRINKING 2 potions of heal wounds.
 11715 | Lair:2   | 11715 ||| READING scroll of teleportation.
 11716 | Lair:2   | 11716 ||| DRINKING potion of heal wounds.
 11750 | Lair:2   | 11750 ||| Stepping ~*~*~tactically~*~*~ (stealth).
 11751 | Lair:2   | 11751 ||| Stepping ~*~*~tactically~*~*~ (stealth).
 11778 | Lair:2   | 11778 ||| Stepping ~*~*~tactically~*~*~ (stealth).
 11779 | Lair:2   | 11779 ||| Stepping ~*~*~tactically~*~*~ (stealth).
 11781 | Lair:2   | 11781 ||| Stepping ~*~*~tactically~*~*~ (stealth).
 11783 | Lair:2   | 11783 ||| Stepping ~*~*~tactically~*~*~ (stealth).
 11784 | Lair:2   | 11784 ||| Stepping ~*~*~tactically~*~*~ (stealth).
 11832 | Lair:2   | 11832 ||| INVOKING Heroism.
 11909 | Lair:2   | Noticed a six-headed hydra
 11910 | Lair:2   | 11910 ||| INVOKING Heroism.
 11914 | Lair:2   | 11914 ||| SWAPPING to +7 hand axe "Xijizikh" {flame,
                  | Will+}.
 11918 | Lair:2   | Killed a three-headed hydra
 11919 | Lair:2   | 11919 ||| SWAPPING to +3 spectral war axe.
 11980 | Lair:2   | 11980 ||| INVOKING Heroism.
 12023 | Lair:2   | Noticed Gastronok
 12024 | Lair:2   | 12024 ||| INVOKING Heroism.
 12036 | Lair:2   | Killed Gastronok
 12036 | Lair:2   | Received a gift from Okawaru
 12079 | Lair:2   | 12079 ||| INVOKING Heroism.
 12084 | Lair:2   | Killed a death yak
 12084 | Lair:2   | Reached ***** piety under Okawaru
 12146 | Lair:2   | 12146 ||| INVOKING Heroism.
 12166 | Lair:2   | Found a staircase to the Swamp.
 12223 | Lair:2   | 12223 ||| Stepping ~*~*~tactically~*~*~ (stealth).
 12224 | Lair:2   | 12224 ||| Stepping ~*~*~tactically~*~*~ (stealth).
 12225 | Lair:2   | 12225 ||| INVOKING Heroism.
 12228 | Lair:2   | 12228 ||| Stepping ~*~*~tactically~*~*~ (stealth).
 12234 | Lair:2   | Reached XP level 13. HP: 80/80 MP: 16/18
 12248 | Lair:2   | Received a gift from Okawaru
 12729 | Lair:2   | 12729 ||| READING 2 scrolls labelled JOZ NYSIUMUR.
 12730 | Lair:2   | 12730 ||| DROPPING scroll of noise.
 12765 | Lair:3   | 12765 ||| STAIRDANCE
 12791 | Lair:3   | 12791 ||| STAIRDANCE
 12845 | Lair:3   | 12845 ||| INVOKING Heroism.
 12846 | Lair:3   | 12846 ||| Stepping ~*~*~tactically~*~*~ (stealth).
 12868 | Lair:3   | 12868 ||| Stepping ~*~*~tactically~*~*~ (hiding).
 12868 | Lair:3   | Found a staircase to the Snake Pit.
 12870 | Lair:3   | 12870 ||| Stepping ~*~*~tactically~*~*~ (hiding).
 12946 | Lair:3   | 12946 ||| INVOKING Heroism.
 13057 | Lair:3   | Reached skill level 9 in Invocations
 13125 | Lair:3   | 13125 ||| INVOKING Heroism.
 13570 | Lair:3   | 13570 ||| DROPPING amulet of the acrobat.
 13571 | Lair:3   | 13571 ||| READING 7 scrolls of identify.
 13571 | Lair:3   | 13571 ||| IDENTIFYING pink potion
 13589 | Lair:4   | 13589 ||| PLANNING GAUNTLET
 13706 | Lair:4   | 13706 ||| Stepping ~*~*~tactically~*~*~ (stealth).
 13711 | Lair:4   | 13711 ||| FLEEEEING.
 13712 | Lair:4   | 13712 ||| FLEEEEING.
 13713 | Lair:4   | 13713 ||| FLEEEEING.
 13714 | Lair:4   | 13714 ||| FLEEEEING.
 13715 | Lair:4   | 13715 ||| FLEEEEING.
 13716 | Lair:4   | 13716 ||| FLEEEEING.
 13717 | Lair:4   | 13717 ||| INVOKING Heroism.
 13828 | Lair:4   | Received a gift from Okawaru
 13932 | Lair:4   | Found a gate leading to a gauntlet.
 13939 | Gauntlet | Entered a Gauntlet
 13939 | Gauntlet | Found a transporter.
 13947 | Gauntlet | Found a transporter.
 13949 | Gauntlet | Found a transporter.
 13962 | Gauntlet | Found a transporter.
 13963 | Gauntlet | Found a transporter.
 13973 | Gauntlet | Found a transporter.
 13973 | Gauntlet | Noticed a great orb of eyes
 13989 | Gauntlet | Found a transporter.
 14000 | Gauntlet | Found a transporter.
 14011 | Gauntlet | Found a transporter.
 14025 | Gauntlet | Found a transporter.
 14027 | Gauntlet | Found a transporter.
 14044 | Gauntlet | Found a transporter.
 14057 | Gauntlet | Found a transporter.
 14110 | Gauntlet | Found a transporter.
 14113 | Gauntlet | Found a runed translucent door.
 14196 | Gauntlet | 14196 ||| INVOKING Heroism.
 14277 | Gauntlet | 14277 ||| DROPPING +2 hat.
 14305 | Gauntlet | 14305 ||| INVOKING Heroism.
 14328 | Gauntlet | 14328 ||| INVOKING Heroism.
 14340 | Gauntlet | Reached skill level 13 in Axes
 14540 | Gauntlet | 14540 ||| INVOKING Heroism.
 14544 | Gauntlet | Killed a great orb of eyes
 14584 | Gauntlet | Identified the +2 cloak of Boruch {Drain rPois rF+ Str+2}
 14586 | Gauntlet | 14586 ||| UPGRADING to +2 cloak of Boruch {Drain rPois rF+
                  | Str+2}.
 14596 | Gauntlet | 14596 ||| DROPPING +1 cloak.
 14610 | Gauntlet | Identified the +6 scale mail of the Gusle {rPois Stlth+}
 14610 | Gauntlet | Noticed a minotaur
 14611 | Gauntlet | 14611 ||| INVOKING Heroism.
 14612 | Gauntlet | 14612 ||| INVOKING Finesse.
 14627 | Gauntlet | Killed a minotaur
 14746 | Gauntlet | Identified the +4 chain mail of the Thoughtful Princes {rC+
                  | Str-2 Dex+5}
 14779 | Gauntlet | 14779 ||| DROPPING +0 chain mail of poison resistance.
 14780 | Gauntlet | 14780 ||| UPGRADING to +4 chain mail of the Thoughtful
                  | Princes {rC+ Str-2 Dex+5}.
 14790 | Gauntlet | 14790 ||| DROPPING +0 plate armour.
 14805 | Lair:4   | 14805 ||| PLANNING LAIR
 14988 | Lair:4   | Found a staircase to the Slime Pits.
 14988 | Lair:4   | Found a viscous altar of Jiyva.
 14993 | Lair:4   | 14993 ||| SWAPPING to +7 hand axe "Xijizikh" {flame,
                  | Will+}.
 14994 | Lair:4   | 14994 ||| INVOKING Heroism.
 15002 | Lair:4   | Received a gift from Okawaru
 15003 | Lair:4   | 15003 ||| SWAPPING to +3 spectral war axe.
 15164 | Lair:4   | 15164 ||| INVOKING Heroism.
 15165 | Lair:4   | 15165 ||| INVOKING Finesse.
 15173 | Lair:4   | Reached skill level 3 in Dodging
 15190 | Lair:4   | Gained mutation: Your large and strong wings let you fly.
                  | [Gargoyle growth]
 15190 | Lair:4   | Reached XP level 14. HP: 80/88 MP: 15/21
 15612 | Lair:4   | 15612 ||| READING 7 scrolls of identify.
 15612 | Lair:4   | 15612 ||| IDENTIFYING glowing white potion
 15613 | Lair:4   | 15613 ||| DROPPING potion of ambrosia.
 15664 | Lair:5   | Entered Level 5 of the Lair of Beasts
 15668 | Lair:5   | Noticed Sonja
 15669 | Lair:5   | 15669 ||| INVOKING Finesse.
 15675 | Lair:5   | Received a gift from Okawaru
 15686 | Lair:5   | 15686 ||| STAIRDANCE
 15688 | Lair:4   | 15688 ||| INVOKING Heroism.
 15688 | Lair:4   | HP: 18/88 [Sonja/+2 dagger of distortion (17)]
 15691 | Lair:4   | Killed Sonja
 15914 | Lair:5   | Reached skill level 14 in Axes
 15914 | Lair:5   | 15914 ||| STAIRDANCE
 16100 | Lair:5   | Received a gift from Okawaru
 16142 | Lair:5   | 16142 ||| Stepping ~*~*~tactically~*~*~ (stealth).
 16145 | Lair:5   | 16145 ||| Stepping ~*~*~tactically~*~*~ (hiding).
 16298 | Lair:5   | Reached skill level 12 in Shields
 16449 | Lair:5   | 16449 ||| FLEEEEING.
 16450 | Lair:5   | 16450 ||| FLEEEEING.
 16451 | Lair:5   | 16451 ||| FLEEEEING.
 16452 | Lair:5   | 16452 ||| FLEEEEING.
 16456 | Lair:5   | 16456 ||| Stepping ~*~*~tactically~*~*~ (stealth).
 16457 | Lair:5   | 16457 ||| Stepping ~*~*~tactically~*~*~ (stealth).
 16459 | Lair:5   | 16459 ||| Stepping ~*~*~tactically~*~*~ (stealth).
 16460 | Lair:5   | 16460 ||| Stepping ~*~*~tactically~*~*~ (stealth).
 16468 | Lair:5   | 16468 ||| INVOKING Heroism.
 16594 | Lair:5   | 16594 ||| INVOKING Heroism.
 16632 | Lair:5   | 16632 ||| Stepping ~*~*~tactically~*~*~ (stealth).
 16639 | Lair:5   | 16639 ||| Stepping ~*~*~tactically~*~*~ (stealth).
 16649 | Lair:5   | 16649 ||| INVOKING Heroism.
 16650 | Lair:5   | 16650 ||| INVOKING Finesse.
 16658 | Lair:5   | 16658 ||| Stepping ~*~*~tactically~*~*~ (stealth).
 16660 | Lair:5   | 16660 ||| Stepping ~*~*~tactically~*~*~ (stealth).
 16661 | Lair:5   | 16661 ||| Stepping ~*~*~tactically~*~*~ (stealth).
 16662 | Lair:5   | 16662 ||| Stepping ~*~*~tactically~*~*~ (stealth).
 16665 | Lair:5   | 16665 ||| Stepping ~*~*~tactically~*~*~ (stealth).
 16719 | Lair:5   | 16719 ||| INVOKING Heroism.
 16750 | Lair:5   | 16750 ||| Stepping ~*~*~tactically~*~*~ (stealth).
 16763 | Lair:5   | 16763 ||| INVOKING Heroism.
 16764 | Lair:5   | 16764 ||| INVOKING Finesse.
 16828 | Lair:5   | Received a gift from Okawaru
 16872 | Lair:5   | 16872 ||| Stepping ~*~*~tactically~*~*~ (hiding).
 16874 | Lair:5   | 16874 ||| INVOKING Heroism.
 16884 | Lair:5   | 16884 ||| INVOKING Finesse.
 16958 | Lair:5   | 16958 ||| Stepping ~*~*~tactically~*~*~ (stealth).
 16960 | Lair:5   | 16960 ||| Stepping ~*~*~tactically~*~*~ (stealth).
 16962 | Lair:5   | 16962 ||| INVOKING Heroism.
 16964 | Lair:5   | 16964 ||| Stepping ~*~*~tactically~*~*~ (stealth).
 17019 | Lair:5   | 17019 ||| Stepping ~*~*~tactically~*~*~ (hiding).
 17195 | Lair:5   | Reached skill level 15 in Axes
 17295 | Lair:5   | Found a runed translucent gate.
 17296 | Lair:5   | Found a runed translucent gate.
 17299 | Lair:5   | Found a runed translucent gate.
 17533 | Lair:5   | Noticed qw's ghost (journeyman GrFi)
 17559 | Lair:5   | 17559 ||| PLANNING D
 17559 | Lair:5   | 17559 ||| UPGRADING to +2 pair of gloves of strength.
 17569 | Lair:5   | 17569 ||| DROPPING +2 pair of gloves of stealth.
 17749 | D:12     | 17749 ||| Stepping ~*~*~tactically~*~*~ (hiding).
 17779 | D:12     | Received a gift from Okawaru
 17835 | D:12     | 17835 ||| FLEEEEING.
 17842 | D:12     | Reached skill level 6 in Throwing
 17930 | D:12     | 17930 ||| Stepping ~*~*~tactically~*~*~ (stealth).
 17932 | D:12     | 17932 ||| Stepping ~*~*~tactically~*~*~ (stealth).
 17934 | D:12     | 17934 ||| Stepping ~*~*~tactically~*~*~ (stealth).
 17948 | D:12     | Received a gift from Okawaru
 17949 | D:12     | Reached XP level 15. HP: 95/95 MP: 22/22
 18077 | D:12     | Identified the +3 leather armour of Vanity {Rampage Slay+2}
 18254 | D:12     | 18254 ||| Stepping ~*~*~tactically~*~*~ (stealth).
 18255 | D:12     | 18255 ||| Stepping ~*~*~tactically~*~*~ (stealth).
 18256 | D:12     | 18256 ||| Stepping ~*~*~tactically~*~*~ (stealth).
 18419 | D:13     | Found Mefesyvo's Serpentskin Sales.
 18434 | D:13     | Reached skill level 12 in Fighting
 18510 | D:13     | Identified the +0 scale mail of the Tarantula {Str+3}
 18532 | D:13     | Identified the +0 robe "Hero's Friend" {Rampage}
 18567 | D:13     | 18567 ||| INVOKING Heroism.
 19443 | D:14     | 19443 ||| Stepping ~*~*~tactically~*~*~ (hiding).
 19479 | D:14     | 19479 ||| INVOKING Heroism.
 19480 | D:14     | 19480 ||| INVOKING Finesse.
 19487 | D:14     | 19487 ||| SWAPPING to +7 hand axe "Xijizikh" {flame,
                  | Will+}.
 19493 | D:14     | 19493 ||| SWAPPING to +3 spectral war axe.
 19715 | D:14     | 19715 ||| INVOKING Heroism.
 19718 | D:14     | 19718 ||| Stepping ~*~*~tactically~*~*~ (stealth).
 19719 | D:14     | 19719 ||| Stepping ~*~*~tactically~*~*~ (stealth).
 19720 | D:14     | 19720 ||| Stepping ~*~*~tactically~*~*~ (stealth).
 19722 | D:14     | 19722 ||| Stepping ~*~*~tactically~*~*~ (stealth).
 19742 | D:14     | Reached skill level 16 in Axes
 19910 | D:14     | 19910 ||| Stepping ~*~*~tactically~*~*~ (hiding).
 19918 | D:14     | Received a gift from Okawaru
 19923 | D:14     | 19923 ||| Stepping ~*~*~tactically~*~*~ (hiding).
 20031 | D:14     | Found a gate to the Vaults.
 20039 | D:14     | 20039 ||| Stepping ~*~*~tactically~*~*~ (hiding).
 20040 | D:14     | 20040 ||| Stepping ~*~*~tactically~*~*~ (hiding).
 20043 | D:14     | 20043 ||| Stepping ~*~*~tactically~*~*~ (hiding).
 20044 | D:14     | 20044 ||| Stepping ~*~*~tactically~*~*~ (hiding).
 20047 | D:14     | 20047 ||| Stepping ~*~*~tactically~*~*~ (hiding).
 20048 | D:14     | 20048 ||| Stepping ~*~*~tactically~*~*~ (hiding).
 20148 | D:14     | 20148 ||| Stepping ~*~*~tactically~*~*~ (hiding).
 20392 | D:15     | Entered Level 15 of the Dungeon
 20422 | D:15     | 20422 ||| FLEEEEING.
 20423 | D:15     | 20423 ||| FLEEEEING.
 20424 | D:15     | 20424 ||| FLEEEEING.
 20425 | D:15     | 20425 ||| FLEEEEING.
 20426 | D:15     | 20426 ||| FLEEEEING.
 20427 | D:15     | 20427 ||| FLEEEEING.
 20432 | D:15     | 20432 ||| Stepping ~*~*~tactically~*~*~ (hiding).
 20491 | D:15     | 20491 ||| Stepping ~*~*~tactically~*~*~ (hiding).
 20491 | D:15     | Found a staircase to the Depths.
 20493 | D:15     | 20493 ||| INVOKING Heroism.
 20542 | D:15     | Received a gift from Okawaru
 20856 | D:15     | 20856 ||| Stepping ~*~*~tactically~*~*~ (stealth).
 20857 | D:15     | 20857 ||| Stepping ~*~*~tactically~*~*~ (stealth).
 20863 | D:15     | 20863 ||| INVOKING Heroism.
 20923 | D:15     | 20923 ||| INVOKING Heroism.
 20936 | D:15     | Received a gift from Okawaru
 20940 | D:15     | 20940 ||| DROPPING +1 war axe of freezing.
 21048 | D:15     | 21048 ||| INVOKING Heroism.
 21267 | D:15     | 21267 ||| Stepping ~*~*~tactically~*~*~ (hiding).
 21526 | D:15     | 21526 ||| PLANNING ORC
 21673 | Orc:1    | Entered Level 1 of the Orcish Mines
 21693 | Orc:1    | 21693 ||| INVOKING Heroism.
 21694 | Orc:1    | 21694 ||| INVOKING Finesse.
 21752 | Orc:1    | 21752 ||| Stepping ~*~*~tactically~*~*~ (stealth).
 21756 | Orc:1    | 21756 ||| Stepping ~*~*~tactically~*~*~ (stealth).
 21759 | Orc:1    | 21759 ||| Stepping ~*~*~tactically~*~*~ (stealth).
 21762 | Orc:1    | 21762 ||| Stepping ~*~*~tactically~*~*~ (hiding).
 21768 | Orc:1    | 21768 ||| Stepping ~*~*~tactically~*~*~ (stealth).
 21831 | Orc:1    | 21831 ||| Stepping ~*~*~tactically~*~*~ (hiding).
 21837 | Orc:1    | 21837 ||| Stepping ~*~*~tactically~*~*~ (hiding).
 21838 | Orc:1    | 21838 ||| Stepping ~*~*~tactically~*~*~ (hiding).
 21954 | Orc:2    | Entered Level 2 of the Orcish Mines
 22051 | Orc:2    | 22051 ||| Stepping ~*~*~tactically~*~*~ (stealth).
 22143 | Orc:1    | 22143 ||| Stepping ~*~*~tactically~*~*~ (hiding).
 22144 | Orc:1    | 22144 ||| Stepping ~*~*~tactically~*~*~ (hiding).
 22153 | Orc:1    | 22153 ||| Stepping ~*~*~tactically~*~*~ (hiding).
 22357 | Orc:2    | 22357 ||| Stepping ~*~*~tactically~*~*~ (stealth).
 22360 | Orc:2    | 22360 ||| Stepping ~*~*~tactically~*~*~ (stealth).
 22398 | Orc:2    | Reached XP level 16. HP: 104/104 MP: 23/23
 22432 | Orc:2    | 22432 ||| Stepping ~*~*~tactically~*~*~ (stealth).
 22460 | Orc:1    | 22460 ||| INVOKING Heroism.
 22667 | Orc:2    | 22667 ||| Stepping ~*~*~tactically~*~*~ (stealth).
 22669 | Orc:2    | 22669 ||| Stepping ~*~*~tactically~*~*~ (hiding).
 22670 | Orc:2    | 22670 ||| Stepping ~*~*~tactically~*~*~ (hiding).
 22672 | Orc:2    | 22672 ||| Stepping ~*~*~tactically~*~*~ (hiding).
 22673 | Orc:2    | 22673 ||| Stepping ~*~*~tactically~*~*~ (hiding).
 22721 | Orc:2    | 22721 ||| INVOKING Heroism.
 22759 | Orc:2    | 22759 ||| Stepping ~*~*~tactically~*~*~ (hiding).
 22760 | Orc:2    | 22760 ||| Stepping ~*~*~tactically~*~*~ (hiding).
 22771 | Orc:2    | 22771 ||| FLEEEEING.
 22772 | Orc:2    | 22772 ||| FLEEEEING.
 22773 | Orc:2    | 22773 ||| FLEEEEING.
 22774 | Orc:2    | 22774 ||| FLEEEEING.
 22775 | Orc:2    | 22775 ||| FLEEEEING.
 22776 | Orc:2    | 22776 ||| FLEEEEING.
 22777 | Orc:2    | 22777 ||| FLEEEEING.
 22780 | Orc:2    | 22780 ||| STAIRDANCE
 22953 | Orc:2    | 22953 ||| INVOKING Heroism.
 23010 | Orc:2    | Found Iteijiwyr's Distillery.
 23011 | Orc:2    | 23011 ||| INVOKING Heroism.
 23028 | Orc:2    | 23028 ||| BUYING 2 potions of lignification (72 gold).
 23028 | Orc:2    | Bought 2 potions of lignification for 72 gold pieces
 23028 | Orc:2    | 23028 ||| BUYING potion of cancellation (96 gold).
 23028 | Orc:2    | Bought a potion of cancellation for 96 gold pieces
 23028 | Orc:2    | 23028 ||| BUYING potion of haste (120 gold).
 23028 | Orc:2    | Bought a potion of haste for 120 gold pieces
 23028 | Orc:2    | 23028 ||| BUYING potion of heal wounds (60 gold).
 23028 | Orc:2    | Bought a potion of heal wounds for 60 gold pieces
 23028 | Orc:2    | 23028 ||| BUYING potion of heal wounds (60 gold).
 23028 | Orc:2    | Bought a potion of heal wounds for 60 gold pieces
 23035 | Orc:2    | Found Aqizinou's Armour Shoppe.
 23060 | Orc:2    | 23060 ||| BUYING +0 pair of boots (54 gold).
 23060 | Orc:2    | Bought a +0 pair of boots for 54 gold pieces
 23115 | Orc:2    | 23115 ||| Stepping ~*~*~tactically~*~*~ (hiding).
 23125 | Orc:2    | 23125 ||| FLEEEEING.
 23126 | Orc:2    | 23126 ||| FLEEEEING.
 23127 | Orc:2    | 23127 ||| FLEEEEING.
 23128 | Orc:2    | 23128 ||| FLEEEEING.
 23129 | Orc:2    | 23129 ||| FLEEEEING.
 23130 | Orc:2    | 23130 ||| FLEEEEING.
 23131 | Orc:2    | 23131 ||| FLEEEEING.
 23132 | Orc:2    | 23132 ||| FLEEEEING.
 23133 | Orc:2    | 23133 ||| FLEEEEING.
 23134 | Orc:2    | 23134 ||| FLEEEEING.
 23135 | Orc:2    | 23135 ||| FLEEEEING.
 23136 | Orc:2    | 23136 ||| FLEEEEING.
 23137 | Orc:2    | 23137 ||| FLEEEEING.
 23138 | Orc:2    | 23138 ||| FLEEEEING.
 23139 | Orc:2    | 23139 ||| FLEEEEING.
 23140 | Orc:2    | 23140 ||| FLEEEEING.
 23141 | Orc:2    | 23141 ||| FLEEEEING.
 23143 | Orc:2    | 23143 ||| FLEEEEING.
 23144 | Orc:2    | 23144 ||| FLEEEEING.
 23145 | Orc:2    | 23145 ||| STAIRDANCE
 23177 | Orc:1    | 23177 ||| UPGRADING to +0 pair of boots.
 23182 | Orc:1    | 23182 ||| READING 3 scrolls of enchant armour.
 23182 | Orc:1    | 23182 ||| ENCHANTING +0 pair of boots.
 23183 | Orc:1    | 23183 ||| READING 2 scrolls of enchant armour.
 23183 | Orc:1    | 23183 ||| ENCHANTING +1 pair of boots.
 23229 | Orc:2    | 23229 ||| Stepping ~*~*~tactically~*~*~ (stealth).
 23349 | Orc:2    | 23349 ||| INVOKING Heroism.
 23387 | Orc:2    | 23387 ||| READING scroll of acquirement.
 23387 | Orc:2    | 23387 ||| ACQUIRING +4 kite shield "Zitokum" {Str+2 Int+4}
 23387 | Orc:2    | Acquired the +4 kite shield "Zitokum" {Str+2 Int+4}
 23389 | Orc:2    | 23389 ||| UPGRADING to +4 kite shield "Zitokum" {Str+2
                  | Int+4}.
 23399 | Orc:2    | 23399 ||| DROPPING +0 kite shield.
 23434 | Orc:2    | 23434 ||| DROPPING +2 plate armour of positive energy.
 23435 | Orc:2    | 23435 ||| UPGRADING to +4 plate armour.
 23445 | Orc:2    | 23445 ||| READING scroll of enchant armour.
 23445 | Orc:2    | 23445 ||| ENCHANTING +4 plate armour.
 23553 | Orc:2    | 23553 ||| Stepping ~*~*~tactically~*~*~ (hiding).
 23556 | Orc:2    | 23556 ||| Stepping ~*~*~tactically~*~*~ (hiding).
 23557 | Orc:2    | 23557 ||| Stepping ~*~*~tactically~*~*~ (hiding).
 23600 | Orc:2    | 23600 ||| Stepping ~*~*~tactically~*~*~ (hiding).
 23602 | Orc:2    | 23602 ||| Stepping ~*~*~tactically~*~*~ (hiding).
 23604 | Orc:2    | 23604 ||| Stepping ~*~*~tactically~*~*~ (hiding).
 23715 | Orc:2    | 23715 ||| FLEEEEING.
 23716 | Orc:2    | 23716 ||| FLEEEEING.
 23717 | Orc:2    | 23717 ||| FLEEEEING.
 23718 | Orc:2    | 23718 ||| FLEEEEING.
 23719 | Orc:2    | 23719 ||| FLEEEEING.
 23720 | Orc:2    | 23720 ||| FLEEEEING.
 23721 | Orc:2    | 23721 ||| FLEEEEING.
 23722 | Orc:2    | 23722 ||| FLEEEEING.
 23723 | Orc:2    | 23723 ||| INVOKING Heroism.
 23802 | Orc:2    | 23802 ||| INVOKING Heroism.
 23883 | Orc:2    | 23883 ||| Stepping ~*~*~tactically~*~*~ (hiding).
 23884 | Orc:2    | 23884 ||| Stepping ~*~*~tactically~*~*~ (hiding).
 23932 | Orc:2    | 23932 ||| Stepping ~*~*~tactically~*~*~ (stealth).
 23944 | Orc:2    | 23944 ||| Stepping ~*~*~tactically~*~*~ (hiding).
 23947 | Orc:2    | 23947 ||| INVOKING Heroism.
 24013 | Orc:2    | 24013 ||| INVOKING Heroism.
 24018 | Orc:2    | Found Toiqoric's Armour Boutique.
 24095 | Orc:2    | 24095 ||| BUYING +0 fire dragon scales (900 gold).
 24095 | Orc:2    | Bought +0 fire dragon scales for 900 gold pieces
 24095 | Orc:2    | 24095 ||| BUYING +0 pair of gloves "Gacoxawe" {Harm rF+}
                  | (277 gold).
 24095 | Orc:2    | Bought the +0 pair of gloves "Gacoxawe" {Harm rF+} for 277
                  | gold pieces
 24118 | Orc:2    | Found Hemm's Antique Weapon Emporium.
 24121 | Orc:2    | 24121 ||| Stepping ~*~*~tactically~*~*~ (hiding).
 24123 | Orc:2    | 24123 ||| INVOKING Heroism.
 24353 | Orc:2    | 24353 ||| Stepping ~*~*~tactically~*~*~ (stealth).
 24360 | Orc:2    | 24360 ||| Stepping ~*~*~tactically~*~*~ (hiding).
 24368 | Orc:2    | 24368 ||| Stepping ~*~*~tactically~*~*~ (stealth).
 24388 | Orc:2    | 24388 ||| Stepping ~*~*~tactically~*~*~ (hiding).
 24394 | Orc:2    | Reached skill level 12 in Armour
 24500 | Orc:2    | Found a staircase to the Elven Halls.
 24553 | Orc:2    | 24553 ||| INVOKING Heroism.
 24571 | Orc:2    | Received a gift from Okawaru
 24729 | Orc:2    | Identified the ring "Boeguos" {Slay+4 Stlth+}
 24836 | Orc:2    | 24836 ||| PLANNING SNAKE:1-3
 24836 | Orc:2    | 24836 ||| DROPPING ring of see invisible.
 24837 | Orc:2    | 24837 ||| UPGRADING to ring "Boeguos" {Slay+4 Stlth+}.
 25001 | Snake:1  | Entered Level 1 of the Snake Pit
 25032 | Snake:1  | 25032 ||| Stepping ~*~*~tactically~*~*~ (hiding).
 25045 | Snake:1  | 25045 ||| Stepping ~*~*~tactically~*~*~ (hiding).
 25047 | Snake:1  | 25047 ||| Stepping ~*~*~tactically~*~*~ (hiding).
 25048 | Snake:1  | 25048 ||| Stepping ~*~*~tactically~*~*~ (hiding).
 25124 | Snake:1  | 25124 ||| Stepping ~*~*~tactically~*~*~ (hiding).
 25321 | Snake:1  | 25321 ||| Stepping ~*~*~tactically~*~*~ (stealth).
 25413 | Snake:1  | Received a gift from Okawaru
 25680 | Snake:1  | 25680 ||| Stepping ~*~*~tactically~*~*~ (hiding).
 25735 | Snake:1  | 25735 ||| READING scroll of enchant weapon.
 25735 | Snake:1  | 25735 ||| ENCHANTING +3 spectral war axe.
 25739 | Snake:1  | 25739 ||| Stepping ~*~*~tactically~*~*~ (stealth).
 25745 | Snake:1  | Noticed Nikola
 25746 | Snake:1  | 25746 ||| INVOKING Heroism.
 25765 | Snake:1  | 25765 ||| Stepping ~*~*~tactically~*~*~ (hiding).
 25770 | Snake:1  | 25770 ||| INVOKING Heroism.
 25773 | Snake:1  | 25773 ||| Stepping ~*~*~tactically~*~*~ (hiding).
 25774 | Snake:1  | 25774 ||| Stepping ~*~*~tactically~*~*~ (hiding).
 25783 | Snake:1  | HP: 13/104 [Nikola/arc of chain lightning (31)]
 25784 | Snake:1  | 25784 ||| READING 2 scrolls of teleportation.
 25784 | Snake:1  | Killed from afar by Nikola

Levels and vault maps discovered:
D:1:      heliophobic_arrival_glass_houses, layout_loops_corners,
          shapermc_ecumenical_altar_rom_forum, minmay_hedge_maze
D:2:      kennysheep_big_flooded_room, layout_basic, serial_shops,
          nicolae_shop_advertising_works [nicolae_subvault_shop_adworks],
          chequers_serial_rivers_room_b
D:3:      layout_basic
D:4:      layout_loops_ring, portal_sewer_entry_a, uniq_pikel
D:5:      layout_basic, xom_teletrap_fun, mainiacjoe_overflow_swirl,
          minmay_temple_entry_poolview, chequers_ossuary_entry_cave
D:6:      layout_basic, nzn_overflow_gifts_of_might_and_magic, slow_altar_2,
          uniq_blork_the_orc
D:7:      kennysheep_steamy, layout_basic, serial_co_window_serial,
          co_window_paths_b, co_window_of_opportunity_a, co_window_corner_a,
          co_window_paths_a, co_window_of_opportunity_a, co_window_corner_b,
          co_window_corner_cb, co_window_corner_cb, co_window_2corner,
          co_window_2corner, co_window_of_opportunity_c,
          co_window_unsneaky_path_c, co_window_4corner_b, co_window_paths_d,
          glass_columns_c
D:8:      layout_cave_pods, nicolae_elyvilon_peaceful_grove,
          serial_column_ruins, column_ruins_open_large, column_ruins_grid_1,
          column_ruins_corridor_straight, column_ruins_open_tiny,
          column_ruins_corridor_straight, column_ruins_columns_corner
D:9:      layout_loops_ring, kennysheep_mini_moat,
          nicolae_ru_great_annihilating_truth, serial_shops, shop
D:10:     layout_loops_corners, gammafunk_temple_overflow_pools, erik_orc_3
D:11:     layout_long_grid, lair_entry_dummy, nicolae_dithmenos_the_darkroom,
          uniq_grum
D:12:     layout_irregular_city
D:13:     layout_long_grid, guppyfry_shop_venom
D:14:     layout_basic, david_vaults_1, palyth_stone_intersect
D:15:     grunt_enter_depths_snipers, layout_basic, minivault_27
Temple:   hellmonk_temple_divided_pantheon
Lair:1:   layout_cave_pods, portal_ice_cave_entry_pillars_2,
          lemuel_fruit_fields, grunt_megastairs_3, lemuel_fruit_tree
Lair:2:   layout_regular_city, swamp_mist_pool, lemuel_fruit_fields,
          grunt_megastairs_2, uniq_gastronok
Lair:3:   layout_small_grid, minmay_snake_entry_guardpost_small
Lair:4:   layout_cellular_growth, slime_entry_1, gauntlet_entry_generic,
          serial_bayou_shore_b
Lair:5:   minmay_lair_end_enchanted_forest, layout_big_grid,
          gammafunk_ghost_icy, chequers_serial_rivers_micro_c,
          grunt_megastairs_4, uniq_sonja
Snake:1:  layout_gridlike, grunt_megastairs_5, serial_bayou_shore_b, uniq_nikola
Orc:1:    layout_caves
Orc:2:    pubby_orc_utopia

Skill      XL: |  1  2  3  4  5  6  7  8  9 10 11 12 13 14 15 16 |
---------------+-------------------------------------------------+-----
Axes           | 2 3 4 5 7 9 10 11 12 13 15 16 | 16.0
Fighting       | 4 5 6 8 9 10 11 13 | 13.5
Dodging        | 2 3 4 5 |  5.0
Throwing       | 4 5 6 7 |  7.1
Armour         | 5 6 7 8 9 10 13 | 13.0
Invocations    | 2 4 7 10 | 10.0
Shields        | 4 5 9 10 11 12 13 | 13.5

Action                     |  1- 3 |  4- 6 |  7- 9 | 10-12 | 13-15 | 16-18 || total
---------------------------+-------+-------+-------+-------+-------+-------++-------
  Melee: War axe           |    52 |   115 |   226 |   354 |   755 |   326 ||  1828
         Hand axe          |       |       |       |     4 |    12 |       ||    16
  Throw: Boomerang         |       |       |    36 |    48 |    22 |     8 ||   114
         Javelin           |       |       |    55 |    73 |   233 |    32 ||   393
 Invoke: Heroism           |       |       |     4 |    26 |    27 |    13 ||    70
         Finesse           |       |       |       |       |     8 |       ||     8
    Use: Scroll            |     1 |     9 |    11 |     8 |     3 |     6 ||    38
         Potion            |       |     2 |     3 |     5 |       |       ||    10
   Stab: Distracted        |       |       |     1 |     5 |    18 |     6 ||    30
 Armour: Scale mail        |    20 |    38 |       |       |       |       ||    58
         Chain mail        |       |       |    49 |       |   164 |    10 ||   223
         Plate armour      |       |       |    78 |   116 |    56 |    29 ||   279
  Dodge: Dodged            |    24 |    52 |   145 |   166 |   264 |    57 ||   708
  Block: Buckler           |     6 |    14 |    33 |    45 |       |       ||    98
         Kite shield       |       |       |       |    49 |   338 |   146 ||   533

Table legend:
 A = Non-vault XP
 B = Vault XP
 C = Vault XP percentage of total XP
 D = Non-vault monster count
 E = Vault monster count
 F = Vault count percentage of total count
                 A         B        C        D         E       F
            +---------+---------+-------+---------+---------+-------
      Total |  105101 |   58535 |  35.8 |     525 |     337 |  39.1
            +---------+---------+-------+---------+---------+-------
        D:1 |      29 |       0 |   0.0 |      20 |       0 |   0.0
        D:2 |      84 |       3 |   3.4 |      16 |       2 |  11.1
        D:3 |     377 |       0 |   0.0 |      30 |       0 |   0.0
        D:4 |     476 |     661 |  58.1 |      28 |       7 |  20.0
        D:5 |     543 |       0 |   0.0 |      20 |       0 |   0.0
        D:6 |    1112 |     265 |  19.2 |      32 |       4 |  11.1
        D:7 |    1120 |     366 |  24.6 |      25 |       2 |   7.4
        D:8 |     919 |       0 |   0.0 |      16 |       0 |   0.0
        D:9 |    3150 |      42 |   1.3 |      29 |       4 |  12.1
       D:10 |    3447 |     480 |  12.2 |      19 |      14 |  42.4
       D:11 |    3350 |     658 |  16.4 |      15 |       5 |  25.0
       D:12 |    7375 |       0 |   0.0 |      23 |       0 |   0.0
       D:13 |    6228 |    2482 |  28.5 |      13 |       4 |  23.5
       D:14 |   11816 |    3252 |  21.6 |      23 |       6 |  20.7
       D:15 |   10243 |    2661 |  20.6 |      23 |       3 |  11.5
     Lair:1 |    1563 |    1405 |  47.3 |       6 |       6 |  50.0
     Lair:2 |    5223 |    8372 |  61.6 |      20 |      15 |  42.9
     Lair:3 |    3923 |     486 |  11.0 |      13 |       3 |  18.8
     Lair:4 |   12145 |     785 |   6.1 |      28 |       1 |   3.4
     Lair:5 |   14240 |   10089 |  41.5 |      43 |      54 |  55.7
    Snake:1 |   13993 |     990 |   6.6 |      30 |       2 |   6.2
      Orc:1 |    3745 |     129 |   3.3 |      53 |       1 |   1.9
      Orc:2 |       0 |   20391 | 100.0 |       0 |     156 | 100.0
      Sewer |       0 |     142 | 100.0 |       0 |       5 | 100.0
    Ossuary |       0 |     481 | 100.0 |       0 |      24 | 100.0
   Gauntlet |       0 |    4395 | 100.0 |       0 |      19 | 100.0
            +---------+---------+-------+---------+---------+-------
